 Dungeon Crawl Stone Soup version 0.25.0-9-g26727b657a (webtiles) character file.

Game seed: 12232526944753275318

50 Infinimo the Poker (level 3, -4/28 HPs)
             Began as a Merfolk Skald on June 17, 2020.
             Killed by nerve-wracking pain
             ... invoked by an orc priest
              (11 damage)
             ... on level 1 of the Dungeon.
             The game lasted 00:02:45 (2071 turns).

Infinimo the Poker (Merfolk Skald)                  Turns: 2071, Time: 00:02:46

Health: -4/28      AC:  3    Str: 12    XL:     3   Next: 79%
Magic:  6/6        EV: 13    Int: 12    God:
Gold:   57         SH:  0    Dex: 13    Spells: 5/6 levels left

rFire    . . .     SeeInvis .   a - +0 spear
rCold    . . .     Gourm    .   (no shield)
rNeg     . . .     Faith    .   b - +0 leather armour
rPois    .         Spirit   .   (no helmet)
rElec    .         Reflect  .   (no cloak)
rCorr    .         Harm     .   (no gloves)
MR       .....                  (no boots)
Stlth    +.........             (no amulet)
HPRegen  0.09/turn              (no ring)
MPRegen  0.10/turn              (no ring)

@: confused
A: change form in water, swift swim, stealthy swim
a: no special abilities


You were on level 1 of the Dungeon.
You were hungry.

You visited 1 branch of the dungeon, and saw 2 of its levels.

You collected 57 gold pieces.

Inventory:

Hand Weapons
 a - a +0 spear (weapon)
Armour
 b - a +0 leather armour (worn)
Jewellery
 j - a cursed ring of teleportation {unknown}
 l - a +4 ring of protection {unknown}
Scrolls
 e - a scroll of identify
 h - a scroll of magic mapping {unknown}
 i - a scroll of immolation
Potions
 f - a potion of degeneration
Comestibles
 d - 2 rations


   Skills:
 + Level 2.7 Fighting
 * Level 4.3 Polearms
 - Level 0.6 Armour
 + Level 3.4 Dodging
 - Level 2.0 Spellcasting
 + Level 3.7 Charms


You had 5 spell levels left.
You knew the following spells:

 Your Spells              Type           Power        Failure   Level  Hunger
a - Infusion              Chrm           ##..         8%          1    ##.....

Your spell library contained the following spells:

 Spells                   Type           Power        Failure   Level  Hunger
 Song of Slaying          Chrm           ##......     12%         2    ###....
 Shroud of Golubria       Chrm/Tloc      #.....       24%         2    ###....
 Ozocubu's Armour         Chrm/Ice       #.......     43%         3    ####...
 Spectral Weapon          Hex/Chrm       #.......     43%         3    ####...


Dungeon Overview and Level Annotations

Branches:
Dungeon (2/15)

Altars:


Message History

Ouch! That really hurt!
* * * LOW HITPOINT WARNING * * *
You feel much better. Something hits you. The orc priest completely misses you.
You hit the orc priest.
The orc priest is heavily wounded.
You hear some strange, mumbled words.
You are confused.
The orc priest hits you with a +0 falchion.
You miss the orc priest.
The orc priest is heavily wounded.
Something hits you.
The orc priest hits you with a +0 falchion.
* * * LOW HITPOINT WARNING * * *
You closely miss the orc priest.
The orc priest is heavily wounded.
Something hits you but does no damage.
You're too confused to move!
The orc priest invokes the aid of Beogh against you.
Pain shoots through your body!
You die...

#.# #....#.###.####....#.##.#.
#.###......##...######.#.##.#.
#.....######.....# #.#....#.
###.### ##...## #.#...... #.#
##.## #.##.###. #.# #.#
#........ ##.## #.# ####.##.#
#.#.# ##'## #.##.. #..##
##@{.## #..P.. #.### ##..o..##
##P.♣P♣ #.#.## ##.......##
##..P♣♣♣
#....####.........####..P♣♣
#......['.........'.....P♣P♣♣
#....####.......(.####...♣P♣P
#...## ##.......## #..P.PPP
###.# ##.....## #.###... #>#
##)..## #.# ####


You could see an orc priest.

Vanquished Creatures
  2 oozes
  2 dart slugs (D:1)
  An orc (D:1)
  A bat (D:1)
  A giant cockroach (D:2)
  5 goblins
  3 hobgoblins (D:1)
  10 kobolds
  A quokka (D:2)
  A ball python (D:1)
  5 frilled lizards
  6 rats
38 creatures vanquished.

Notes
Turn   | Place    | Note
-------+----------+-------------------------------------------
     0 | D:1      | Infinimo the Merfolk Skald began the quest for the Orb.
     0 | D:1      | Reached XP level 1. HP: 16/16 MP: 3/3
   161 | D:1      | Reached XP level 2. HP: 23/23 MP: 5/5
   560 | D:1      | Reached XP level 3. HP: 17/28 MP: 6/6
   735 | D:1      | Reached skill level 4 in Polearms
  2071 | D:1      | Killed from afar by an orc priest

Illustrated notes

Levels and vault maps discovered:
D:1:      lightli_arrival_quake, layout_loops_corners, serial_forest,
          infiniplex_forest_end_double, infiniplex_forest_clump_medium,
          infiniplex_forest_lined_2, infiniplex_forest_clump_diagonal,
          infiniplex_forest_fountain, infiniplex_forest_zigzag_1,
          infiniplex_forest_clump_curved
D:2:      layout_rooms, grunt_temple_overflow_open, minivault_27

Skill      XL: |  1  2  3 |
---------------+----------+-----
Dodging        | 3 |  3.4
Polearms       | 4 |  4.3
Fighting       | |  2.7
Armour         | |  0.6
Spellcasting   | |  2.0
Charms         | |  3.7

Action                   || total
-------------------------++-------
Melee: Spear             ||   164
  Use: Potion            ||     2
       Scroll            ||     5
 Stab: Sleeping          ||     1
  Eat: Chunk             ||     3
Armor: Leather armour    ||    12
Dodge: Dodged            ||    71
